 Dungeon Crawl Stone Soup version 0.31-a0-1447-g87ca8d402b (webtiles) character file.

Game seed: 17055194471333845264

67 Curundu the Trooper (level 3, -1/34 HPs)
             Began as a Minotaur Berserker on Dec 28, 2023.
             Was a Believer of Trog.
             Slain by a gnoll
             ... wielding a +0 halberd
              (7 damage)
             ... on level 3 of the Dungeon.
             The game lasted 00:06:17 (2014 turns).

Curundu the Trooper (Minotaur Berserker)            Turns: 2014, Time: 00:06:17

Health: -1/34      AC: 10    Str: 23    XL:     3   Next: 98%
Magic:  2/2        EV:  9    Int:  4    God:    Trog [**....]
Gold:   102        SH:  0    Dex:  9    Spells: 2/2 levels left

rFire   . . .        n - +1 mace (holy)
rCold   . . .        (no shield)
rNeg    . . .        e - +0 chain mail
rPois   .            (helmet restricted)
rElec   .            b - +0 cloak
rCorr   .            (no gloves)
SInv    .            (no boots)
Will    .....        (no amulet) Stlth
                     (no ring)
HPRegen 0.25/turn    (no ring)
MPRegen 0.08/turn

%: no passive effects
@: no status effects
A: horns 2, retaliatory headbutt
a: Renounce Religion, Berserk, Trog's Hand


You were on level 3 of the Dungeon.
You worshipped Trog.
Trog was pleased with you.
You visited 1 branch of the dungeon, and saw 3 of its levels.

You collected 128 gold pieces.
You spent 26 gold pieces at shops.

Inventory:

Hand Weapons
 n - a +1 mace of holy wrath (weapon)
Missiles
 d - 8 poisoned darts
Armour
 b - a +0 cloak (worn)
 e - a +0 chain mail (worn)
Jewellery
 h - an amulet of regeneration
Wands
 j - a wand of flame (24)
Scrolls
 a - a scroll of identify
 c - a scroll of amnesia
 f - a scroll of enchant armour
 l - a scroll of enchant weapon {unknown}
 o - a scroll of fog {unknown}
Potions
 g - 2 potions of curing {unknown}
 i - a potion of heal wounds {unknown}
 k - a potion of invisibility {unknown}
 m - 2 potions of enlightenment
 p - a potion of degeneration {unknown}


   Skills:
 + Level 4.6 Fighting
 + Level 4.4 Axes
 + Level 3.2 Armour
 + Level 2.4 Dodging


You had 2 spell levels left.
You didn't know any spells.
Your spell library was empty.

Dungeon Overview and Level Annotations

Branches:
Dungeon (3/15)

Altars:
Wu Jian

Shops:
D:2 ?


Innate Abilities, Weirdness & Mutations

You have a pair of horns on your head.
You reflexively headbutt those who attack you in melee.


Message History

The gnoll shouts! x2
The gnoll hits you but does no damage. The gnoll barely misses you.
You hit the gnoll.
The gnoll is lightly wounded.
The gnoll closely misses you. The gnoll barely misses you. x2
You hit the gnoll.
The gnoll is heavily wounded.
The gnoll closely misses you.
A frilled lizard comes into view.
The gnoll hits you but does no damage.
The frilled lizard hisses angrily.
The gnoll barely misses you. The gnoll attacks as it pursues you!
The gnoll hits you from afar with a +0 halberd!
The gnoll attacks as it pursues you! The gnoll hits you but does no damage.
The gnoll hits you from afar with a +0 spear.
The gnoll attacks as it pursues you! The gnoll hits you but does no damage.
You see here a book of the Tundra.
The gnoll attacks as it pursues you!
The gnoll hits you from afar with a +0 halberd.
The gnoll hits you but does no damage. The gnoll attacks as it pursues you!
The gnoll hits you from afar with a +0 halberd.
The gnoll attacks as it pursues you!
The gnoll hits you from afar with a +0 spear.
The gnoll attacks as it pursues you! The gnoll hits you but does no damage.
The gnoll hits you but does no damage. The gnoll closely misses you.
The gnoll attacks as it pursues you! The gnoll closely misses you.
The gnoll hits you but does no damage. The gnoll barely misses you.
You barely miss the gnoll. You headbutt the gnoll!
The gnoll is almost dead.
The gnoll hits you from afar with a +0 spear.
The gnoll hits you with a +0 halberd!
* * * LOW HITPOINT WARNING * * *
The gnoll misses you.
You completely miss the gnoll.
The gnoll is almost dead.
The gnoll hits you but does no damage. x2
The gnoll hits you from afar with a +0 halberd!
You die...

##### ######### #...# #.......#
#...#
####.......##################...#
...#.......'.>..@ggg........>...'
...........#######g..#######....#
.....).....#...gg....# ##....#
....######....g......# #......
....# #....g......# #...... ....#
#...l######## #...... ...##
#....# #...... ...# #....#
#####...... .#########....#
#..........


You could see 4 gnolls.

Vanquished Creatures
  An adder (D:2)
  2 worms
  A dart slug (D:3)
  An orc (D:3)
  6 bats
  2 endoplasms
  2 giant cockroaches (D:1)
  4 goblins
  4 hobgoblins
  3 quokkas
  7 ball pythons
  3 frilled lizards
  7 kobolds
  7 rats
50 creatures vanquished.

Notes
Turn   | Place    | Note
-------+----------+-------------------------------------------
     0 | D:1      | Curundu the Minotaur Berserker began the quest for the Orb.
     0 | D:1      | Reached XP level 1. HP: 19/19 MP: 0/0
   121 | D:1      | Reached XP level 2. HP: 25/27 MP: 1/1
   824 | D:2      | Reached XP level 3. HP: 34/34 MP: 2/2
   893 | D:2      | Reached ** piety under Trog
  1012 | D:2      | Found Baiplap's Magic Scroll Emporium.
  1114 | D:2      | Bought a scroll of identify for 26 gold pieces
  1400 | D:3      | Found an ornate altar of the Wu Jian Council.
  2014 | D:3      | Slain by a gnoll

Illustrated notes

Levels and vault maps discovered:
D:1:      wander_arrival_estate, layout_loops_ring
D:2:      layout_basic, serial_shops, shop
D:3:      layout_basic, overflow_temple_1_default

Skill      XL: |  1  2  3 |
---------------+----------+-----
Fighting       | 4 |  4.6
Axes           | 4 |  4.4
Armour         | 3 |  3.2
Dodging        | |  2.4

Action                     || total
---------------------------++-------
  Melee: Hand axe          ||   104
         Headbutt          ||    15
         Mace              ||    19
         Punch             ||     1
    Use: Scroll            ||     3
 Armour: Animal skin       ||     9
         Chain mail        ||    82
  Dodge: Dodged            ||    74

Table legend: (Time is in decaauts)
 A = Elapsed time spent in this place.
 B = Non-inter-level travel time spent in this place.
 C = Inter-level travel time spent in this place.
 D = Time resting spent in this place.
 E = Time spent auto-exploring this place.
 F = Levels seen in this place.
 G = Mean time per level.
                   A        B        C        D        E       F      G
               +--------+--------+--------+--------+--------+-----+--------+
         Total |   2028 |   2028 |      0 |      0 |   1520 |   3 |  676.0 |
       Dungeon |   2028 |   2028 |      0 |      0 |   1520 |   3 |  676.0 |
               +--------+--------+--------+--------+--------+-----+--------+

Top non-repeatable levels by time:
     D:1: 718 daAuts
     D:3: 675 daAuts
     D:2: 634 daAuts
